 Dungeon Crawl Stone Soup version 0.24.0-13-gcf9b3192b9 (webtiles) character file.

Game seed: 7064276884774860548, levelgen mode: deterministic

67 Mrkan the Vexing (level 4, 0/44 HPs)
             Began as an Ogre Arcane Marksman on Nov 5, 2019.
             Was an Initiate of Gozag.
             Slain by a hobgoblin (2 damage)
             ... on level 2 of the Dungeon.
             The game lasted 00:03:41 (2131 turns).

Mrkan the Vexing (Ogre Arcane Marksman)             Turns: 2131, Time: 00:03:43

Health: 0/44       AC:  5    Str: 15    XL:     4   Next: 16%
Magic:  7/7        EV: 10    Int: 14    God:    Gozag
Gold:   98         SH:  0    Dex:  9    Spells: 6/7 levels left

rFire    . . .     SeeInvis .   h - +0 club
rCold    . . .     Gourm    .   (no shield)
rNeg     . . .     Faith    .   a - +0 robe
rPois    .         Spirit   .   g - +2 hat
rElec    .         Reflect  .   (no cloak)
rCorr    .         Harm     .   (gloves unavailable)
MR       .....                  (boots unavailable)
Stlth    +.........             (no amulet)
HPRegen  0.14/turn              (no ring)
MPRegen  0.10/turn              (no ring)

@: no status effects
A: large, unfitting armour, tough skin 1
a: Potion Petition, Call Merchant, Bribe Branch, Renounce Religion


You were on level 2 of the Dungeon.
You worshipped Gozag.
Gozag was noncommittal.
You were not hungry.

You visited 1 branch of the dungeon, and saw 3 of its levels.

You collected 123 gold pieces.
You paid 25 gold pieces to Gozag.

Inventory:

Hand Weapons
 h - a +0 club (weapon)
Missiles
 c - 4 large rocks (quivered)
 d - 4 throwing nets
Armour
 a - a +0 robe (worn)
 g - a +2 hat (worn)
Scrolls
 b - 2 scrolls of remove curse {unknown}
 i - 5 scrolls of identify {unknown}
 l - a scroll of enchant armour {unknown}
Potions
 e - a potion of ambrosia {unknown}
 j - a potion of haste {unknown}
Comestibles
 f - 2 rations


   Skills:
 + Level 2.5 Fighting
 - Level 2.0 Throwing
 - Level 1.7 Dodging
 * Level 1.8 Unarmed Combat
 + Level 2.1 Spellcasting
 + Level 3.1 Hexes


You had 6 spell levels left.
You knew the following spells:

 Your Spells              Type           Power        Failure   Level  Hunger
a - Corona                Hex            ##.....      7%          1    ##.....

Your spell library contained the following spells:

 Spells                   Type           Power        Failure   Level  Hunger
 Slow                     Hex            ##......     10%         2    ###....
 Ensorcelled Hibernation  Hex/Ice        #.....       19%         2    ###....
 Confuse                  Hex            ##......     21%         3    ####...
 Tukima's Dance           Hex            ##......     21%         3    ####...
 Dazzling Spray           Conj/Hex       #.....       36%         3    ####...
 Inner Flame              Hex/Fire       #.......     36%         3    ####...
 Portal Projectile        Hex/Tloc       #.....       36%         3    ####...
 Cause Fear               Hex            ##........   54%         4    #####..
 Leda's Liquefaction      Hex/Erth       #.........   77%         4    #####..


Dungeon Overview and Level Annotations

Branches:
Dungeon (3/15)

Altars:
Gozag
Xom

Annotations:
D:2 Sigmund


Innate Abilities, Weirdness & Mutations

You are too large for most types of armour.
You have tough skin. (AC +1)


Message History

Sigmund casts a spell.
Sigmund flickers and vanishes!
Deactivating autopickup; reactivate with Ctrl-A.
There is a stone staircase leading down here.
You climb downwards. "WORSHIP ME, MORTAL," Xom booms, "AND I SHALL GRANT YOU THE GREATEST GIFT OF ALL."
Reactivating autopickup.
A quokka, 3 orcs, an orc priest and an orc wizard come into view.
The orc shouts! x2
Found 15 gold pieces.
Found a shimmering altar of Xom.
There is a stone staircase leading up here.
The quokka bites you but does no damage.
The orc wizard gestures wildly while chanting.
The orc wizard seems to speed up.
The orc priest looks satisfied for a moment.
You climb upwards.
Level annotation: Sigmund The hobgoblin hits you.
You die...
Your body crumbles into a pile of gold.

...## #..###### #.#
#.# ..(.## ####..#
#.# #(# .....#
#.....# #.# #.#
.....# #.###.# #.#
#.# .....# #.# #.#
#.###.# ....## #.#
#.# #.....# ...## #.#
#.# ######.#####
#'#### #.#
#.#####......#...#
.....###.#
#...g@#.####.....#
.....{...# #####r#.#
###...# ..(..###.#
#.#.# ##.## #'####
#.#######.#.# #.#
...## #...........#
#.# ....##
#########.#.#######.#
.....# #.#.........#
.....# #.#.#########
.....# #.#.#


You could see a quokka and a hobgoblin.

Vanquished Creatures
  2 adders (D:2)
  An ooze (D:1)
  2 worms (D:2)
  3 dart slugs (D:2)
  A leopard gecko (D:1)
  A giant cockroach (D:2)
  3 goblins
  5 hobgoblins (D:1)
  8 kobolds
  3 bats
  2 frilled lizards
  4 rats (D:1)
35 creatures vanquished.

Notes
Turn   | Place    | Note
-------+----------+-------------------------------------------
     0 | D:1      | Mrkan the Ogre Arcane Marksman began the quest for the Orb.
     0 | D:1      | Reached XP level 1. HP: 19/19 MP: 2/2
   263 | D:1      | Reached XP level 2. HP: 27/28 MP: 4/4
   476 | D:1      | Reached skill level 1 in Unarmed Combat
   860 | D:1      | Reached XP level 3. HP: 34/35 MP: 5/5
  1163 | D:2      | Reached skill level 3 in Hexes
  1291 | D:2      | Found an opulent altar of Gozag.
  1298 | D:2      | Became a worshipper of Gozag Ym Sagoz the Greedy
  1718 | D:2      | Reached XP level 4. HP: 18/44 MP: 7/7
  1730 | D:2      | HP: 2/44 [poisoned by an adder]
  1738 | D:2      | HP: 1/44 [poisoned by an adder]
  2084 | D:2      | Noticed Sigmund
  2108 | D:2      | HP: 2/44 [poisoned by Sigmund]
  2116 | D:2      | HP: 1/44 [poisoned by Sigmund]
  2129 | D:3      | Found a shimmering altar of Xom.
  2131 | D:2      | Slain by a hobgoblin

Levels and vault maps discovered:
D:1:      tarquinn_simple_flora_water_e, layout_loops_corners, nrook_campfire
D:2:      kennysheep_six_static_rooms, layout_loops_ring,
          grunt_gozag_breadcrumbs, chequers_ecumenical_altar_simple,
          first_ration, uniq_sigmund, uniq_jessica
D:3:      layout_basic, grunt_qazlal_clouds, nemelex_xobeh_ov_fountains_minmay,
          lemuel_round_altar, brannock_xom_greatest_gift, uniq_grinder

Skill      XL: |  1  2  3 |
---------------+----------+-----
Fighting       | 2 |  2.5
Unarmed Combat | 1 |  1.8
Hexes          | 3 |  3.1
Spellcasting   | 2 |  2.1
Throwing       | |  2.0
Dodging        | |  1.7

Action                   |  1- 3 |  4- 6 || total
-------------------------+-------+-------++-------
Melee: Unarmed           |    18 |       ||    18
       Club              |   166 |    21 ||   187
 Cast: Corona            |       |     1 ||     1
 Stab: Sleeping          |     2 |       ||     2
  Eat: Chunk             |     2 |       ||     2
       Ration            |       |     1 ||     1
Armor: Robe              |    87 |     7 ||    94
Dodge: Dodged            |   143 |     8 ||   151
